[Event "Titled Tuesday Blitz March 22 Late 2022"]
[White "Mirza, Diana"]
[Black "Oganian, Miran"]
[WhiteFideId "2503999"]
[BlackFideId "4122488"]
[WhiteElo "1813"]
[BlackElo "2357"]
[Result "1-0"]
[Round "02"]
[TimeControl "180+1"]
[Date "2022.03.22"]
[WhiteClock "0:00:13"]
[BlackClock "0:00:34"]

1. d4 e6 2. Nf3 d5 3. e3 Nf6 4. Bd3 g6 5. b4 Bg7 6. c4 O-O 7. Nbd2 b6 8. Bb2 Bb7 9. Qc2 Nbd7 10. O-O c5 11. bxc5 bxc5 12. Rab1 Rc8 13. Ba3 Qa5 14. Bb2 cxd4 15. Nxd4 Ba6 16. N4b3 Qa4 17. c5 Nxc5 18. Bxa6 Nxa6 19. Qd3 Nb4 20. Qd4 Nh5 21. Qh4 Bxb2 22. Rxb2 Nd3 23. Qxa4 Nxb2 24. Qxa7 Ra8 25. Qd4 Na4 26. Nf3 Ng7 27. Ne5 Nf5 28. Qa1 Rfc8 29. Nd7 Nc3 30. Nb6 Rab8 31. Nxc8 Rxc8 32. Nd4 Nd6 33. Kh1 Nde4 34. h4 e5 35. Nf3 f6 36. Rc1 Nxf2+ 37. Kh2 Nfe4 38. Nd2 Rb8 39. Nxe4 Nxe4 40. Rc7 Nd6 41. Qc1 Nc4 42. Rxc4 dxc4 43. Qxc4+ Kf8 44. Qc5+ Kg8 45. Qd5+ Kh8 46. a4 Rb1 47. a5 Ra1 48. Qd8+ Kg7 49. Qe7+ Kh6 50. Qxf6 Rxa5 51. Qg5+ Kg7 52. h5 Rb5 53. h6+ Kf7 54. Qg4 Rb7 55. Qf3+ Ke6 56. Qxb7 Kf5 57. Qxh7 Kg5 58. Qg7 Kh5 59. h7 Kg5 60. h8=Q e4 61. Qhh7 Kf5 62. Qhxg6# 1-0


[Site "https://www.chess.com"]

[Event "Titled Tuesday Blitz March 22 Late 2022"]
[White "Moussard, Jules"]
[Black "Spata, German"]
[WhiteFideId "642908"]
[BlackFideId "113026"]
[WhiteElo "2557"]
[BlackElo "2238"]
[Result "1-0"]
[Round "02"]
[TimeControl "180+1"]
[Date "2022.03.22"]
[WhiteClock "0:01:35"]
[BlackClock "0:00:15"]

1. Nf3 Nf6 2. b3 e6 3. Bb2 b6 4. g3 Bb7 5. Bg2 Be7 6. O-O O-O 7. d3 d5 8. Nbd2 c5 9. e3 Nc6 10. Ne5 Nxe5 11. Bxe5 Nd7 12. Bb2 Bf6 13. Qc1 Bxb2 14. Qxb2 Qf6 15. Qxf6 Nxf6 16. h3 Rfd8 17. f4 b5 18. g4 a5 19. a3 b4 20. axb4 axb4 21. Kf2 Rxa1 22. Rxa1 Ra8 23. Rxa8+ Bxa8 24. d4 cxd4 25. exd4 Kf8 26. g5 Ne8 27. Bf1 Nd6 28. Bd3 Ke7 29. h4 h6 30. Nf3 hxg5 31. fxg5 g6 32. Ne5 Bb7 33. Ke3 Nc8 34. Kd2 Nb6 35. c3 bxc3+ 36. Kxc3 Nd7 37. Bb5 Nxe5 38. dxe5 Bc8 39. Kd4 Bd7 40. Be2 Kd8 41. Kc5 Kc7 42. b4 d4 43. b5 Bc8 44. Kxd4 Kb6 45. h5 gxh5 46. Bxh5 Kxb5 47. Bxf7 1-0


[Site "https://www.chess.com"]

[Event "Titled Tuesday Blitz March 22 Late 2022"]
[White "Msellek, Ilyass"]
[Black "Zhukov, Maksim"]
[WhiteFideId "675938"]
[BlackFideId "34181790"]
[WhiteElo "2219"]
[BlackElo "1978"]
[Result "1-0"]
[Round "02"]
[TimeControl "180+1"]
[Date "2022.03.22"]
[WhiteClock "0:01:17"]
[BlackClock "0:01:25"]

1. d4 Nf6 2. Bf4 g6 3. Nc3 Bg7 4. Qd2 O-O 5. Bh6 c5 6. Bxg7 Kxg7 7. dxc5 Qa5 8. O-O-O Na6 9. e4 Nxc5 10. e5 Nfe4 11. Nxe4 Qxa2 12. Qd4 Qa1+ 13. Kd2 Nxe4+ 14. Qxe4 Qxb2 15. Nf3 a5 16. Qd4 Qxd4+ 17. Nxd4 a4 18. Bb5 d6 19. exd6 exd6 20. Ra1 a3 21. Ra2 Be6 22. c4 Rfc8 23. Nxe6+ fxe6 24. Rha1 d5 25. cxd5 exd5 26. Rxa3 Rxa3 27. Rxa3 Rc5 28. Bd3 b5 29. Ra7+ Kh6 30. Rb7 Kg5 31. Rxb5 Rxb5 32. Bxb5 Kf4 33. Be2 g5 34. g3+ Kf5 35. h3 h6 36. Ke3 Ke5 37. f4+ gxf4+ 38. gxf4+ Kf5 39. Bd3+ Kf6 40. Kd4 Ke6 41. f5+ Kf6 42. Bb1 Kg5 43. Kxd5 Kh4 44. f6 Kxh3 45. f7 h5 46. f8=Q h4 47. Qf3+ Kh2 48. Bf5 h3 49. Qxh3+ Kg1 50. Ke4 Kf2 51. Qe3+ Kf1 52. Qd2 Kg1 53. Kf3 Kh1 54. Qg2# 1-0


[Site "https://www.chess.com"]

[Event "Titled Tuesday Blitz March 22 Late 2022"]
[White "Muetsch, Annmarie"]
[Black "Romanchuk, Viktor"]
[WhiteFideId "12971367"]
[BlackFideId "14109271"]
[WhiteElo "2249"]
[BlackElo "2242"]
[Result "1-0"]
[Round "02"]
[TimeControl "180+1"]
[Date "2022.03.22"]
[WhiteClock "0:00:17"]
[BlackClock "0:00:34"]

1. Nf3 d5 2. g3 c6 3. Bg2 Bg4 4. d3 e6 5. Nbd2 Nd7 6. e4 Bd6 7. h3 Bh5 8. O-O Ne7 9. Qe2 O-O 10. Rd1 Qb6 11. Nf1 Rad8 12. c3 dxe4 13. dxe4 Ne5 14. Be3 Bc5 15. Bxc5 Qxc5 16. Rxd8 Rxd8 17. Rd1 Re8 18. g4 Bg6 19. Qe3 Nxf3+ 20. Bxf3 Qxe3 21. Nxe3 Kf8 22. Rd7 Rb8 23. Nc4 Ke8 24. Rxb7 Rxb7 25. Nd6+ Kd7 26. Nxb7 e5 27. Kf1 Kc7 28. Nc5 Kd6 29. Nd3 c5 30. Ke2 c4 31. Ne1 f6 32. Ke3 Bf7 33. Be2 Ng6 34. Ng2 Kc5 35. h4 Nf8 36. h5 Ne6 37. f4 exf4+ 38. Nxf4 Ng5 39. Ng2 Be8 40. Kf4 Ne6+ 41. Ke3 Bc6 42. b3 cxb3 43. axb3 Ng5 44. b4+ Kd6 45. Bd3 Ke5 46. Ne1 Bxe4 47. Bxe4 Nxe4 48. Nf3+ Kd5 49. c4+ Kxc4 50. Kxe4 Kxb4 51. Nd4 g6 52. Nc6+ Kc5 53. Nxa7 Kd6 54. Nb5+ Ke6 55. Nd4+ Kd6 56. Kf4 Kd5 57. Nf3 Ke6 58. Ne1 Kd5 59. h6 Ke6 60. g5 fxg5+ 61. Kxg5 Ke5 62. Nf3+ Ke6 63. Nd4+ Ke5 64. Nc6+ Ke6 65. Nd8+ Ke7 66. Nb7 Ke6 67. Nc5+ Ke7 68. Ne4 Kf7 69. Nf6 Kf8 70. Nxh7+ Kg8 71. Kxg6 Kh8 72. Ng5 Kg8 73. h7+ Kh8 74. Nf7# 1-0


[Site "https://www.chess.com"]

[Event "Titled Tuesday Blitz March 22 Late 2022"]
[White "Necula, Iulian"]
[Black "Ferreira, Vitor Hugo Vieira"]
[WhiteFideId "1232380"]
[BlackFideId "2119765"]
[WhiteElo "1776"]
[BlackElo "2165"]
[Result "0-1"]
[Round "02"]
[TimeControl "180+1"]
[Date "2022.03.22"]
[WhiteClock "0:00:02"]
[BlackClock "0:01:27"]

1. b4 e5 2. Bb2 Bxb4 3. Bxe5 Nf6 4. c3 Be7 5. Nf3 Nc6 6. Bxf6 Bxf6 7. e3 O-O 8. d4 d5 9. Bb5 Ne7 10. O-O c6 11. Bd3 g6 12. Nbd2 Nf5 13. h3 Be6 14. a4 Qa5 15. Qc2 Rac8 16. e4 dxe4 17. Nxe4 Bg7 18. Nc5 Bd5 19. Bxf5 gxf5 20. Qxf5 Bc4 21. Ng5 Rfd8 22. Rfe1 b6 23. Qxh7+ Kf8 24. Nb7 Qxg5 25. Nxd8 Bd5 26. g3 Rxd8 27. Re3 Qh6 28. Qf5 Be6 29. Qf3 Qxh3 30. Qg2 Qf5 31. Rae1 Bf6 32. f3 Bg5 33. Re5 Qf6 34. f4 Bh6 35. g4 Bxf4 36. g5 Qg6 37. R5e4 Bd5 38. Qg4 Bxe4 39. Rxe4 Bxg5 0-1


[Site "https://www.chess.com"]

[Event "Titled Tuesday Blitz March 22 Late 2022"]
[White "Nenezic, Marko"]
[Black "Manukian, Artak"]
[WhiteFideId "912123"]
[BlackFideId "13301373"]
[WhiteElo "2457"]
[BlackElo "2444"]
[Result "1-0"]
[Round "02"]
[TimeControl "180+1"]
[Date "2022.03.22"]
[WhiteClock "0:00:59"]
[BlackClock "0:00:18"]

1. Nf3 g6 2. d4 Bg7 3. c4 d6 4. e4 e5 5. d5 a5 6. h4 h5 7. Be2 Na6 8. b3 Nc5 9. Nc3 f5 10. exf5 Bxf5 11. Be3 b6 12. Bxc5 bxc5 13. Ng5 Nf6 14. O-O O-O 15. f3 Qe7 16. Bd3 Nh7 17. Bxf5 Rxf5 18. Nce4 Nxg5 19. hxg5 Rxg5 20. Nxg5 Qxg5 21. Qc1 Qg3 22. Qe1 Qg5 23. Rd1 a4 24. Qd2 Qg3 25. Qf2 Qg5 26. f4 exf4 27. Qxf4 Qxf4 28. Rxf4 axb3 29. axb3 Bd4+ 30. Kh1 Ra3 31. Rf3 g5 32. b4 Kg7 33. Rxa3 1-0


[Site "https://www.chess.com"]

[Event "Titled Tuesday Blitz March 22 Late 2022"]
[White "Olsen, Filip Boe"]
[Black "Borodavkin, Anatoly"]
[WhiteFideId "1440640"]
[BlackFideId "14150662"]
[WhiteElo "2188"]
[BlackElo "1845"]
[Result "1-0"]
[Round "02"]
[TimeControl "180+1"]
[Date "2022.03.22"]
[WhiteClock "0:00:24"]
[BlackClock "0:00:01"]

1. c4 e5 2. g3 d6 3. Bg2 Nc6 4. Nc3 Be6 5. b3 Qd7 6. Bb2 Nf6 7. e3 Be7 8. d4 exd4 9. exd4 Bf5 10. Nge2 O-O-O 11. d5 Ne5 12. O-O Bh3 13. Qd4 Kb8 14. Nb5 b6 15. a4 c5 16. dxc6 Nxc6 17. Qc3 a5 18. Qf3 Bxg2 19. Kxg2 Ne5 20. Bxe5 dxe5 21. Nec3 Qb7 22. Rfd1 Qxf3+ 23. Kxf3 Bb4 24. Nd5 Nxd5 25. cxd5 Kb7 26. Rac1 Rd7 27. Rc6 Rhd8 28. Rdc1 Rxd5 29. Rc7+ Kb8 30. Rxf7 Rf8 31. Rc7 Rxf7+ 32. Rxf7 Bc5 33. Rxg7 Rd2 34. Rxh7 Rxf2+ 35. Ke4 Re2+ 36. Kd5 Rf2 37. Kxe5 Rf3 38. Kd5 Kc8 39. g4 Kd8 40. g5 1-0


[Site "https://www.chess.com"]

[Event "Titled Tuesday Blitz March 22 Late 2022"]
[White "Oro, Luis"]
[Black "Issani, Nameer"]
[WhiteFideId "104094"]
[BlackFideId "2619130"]
[WhiteElo "2312"]
[BlackElo "2541"]
[Result "0-1"]
[Round "02"]
[TimeControl "180+1"]
[Date "2022.03.22"]
[WhiteClock "0:00:04"]
[BlackClock "0:00:09"]

1. e4 e5 2. Nf3 Nc6 3. Bc4 Bc5 4. c3 Nf6 5. d3 d6 6. O-O O-O 7. a4 a6 8. Be3 Bg4 9. Nbd2 Bxe3 10. fxe3 d5 11. exd5 Nxd5 12. Qe2 Kh8 13. Rae1 f5 14. Qf2 Qd6 15. h3 Bh5 16. Qh4 Bg6 17. Rf2 f4 18. e4 Ne3 19. Rfe2 Rad8 20. b4 a5 21. b5 Nb8 22. d4 Nd7 23. Qg5 h6 24. Qh4 Bh7 25. Bb3 g5 26. Qf2 Qe7 27. Rxe3 fxe3 28. Qxe3 Rde8 29. Nc4 exd4 30. Qxd4+ Qg7 31. e5 Rf4 32. Qd2 Nc5 33. Ba2 Ne4 34. Qc2 Ng3 35. Qb2 Ref8 36. Nh2 Nf5 37. Qd2 Ng3 38. e6 Qe7 39. Qe3 Nf5 40. Qe2 Nd6 41. Qd2 Nxc4 42. Qe2 Nd6 43. Nf3 g4 44. Ne5 gxh3 45. g3 Rf2 46. Qxf2 Rxf2 47. Kxf2 Ne4+ 48. Kg1 Qc5+ 49. Kh2 Qf2+ 50. Kh1 Qg2# 0-1


[Site "https://www.chess.com"]

[Event "Titled Tuesday Blitz March 22 Late 2022"]
[White "Ozates, Tuna"]
[Black "Liu, Leonardo"]
[WhiteFideId "6354521"]
[BlackFideId "30965780"]
[WhiteElo "1887"]
[BlackElo "2300"]
[Result "1-0"]
[Round "02"]
[TimeControl "180+1"]
[Date "2022.03.22"]
[WhiteClock "0:02:12"]
[BlackClock "0:02:23"]

1. c4 Nf6 2. Nc3 g6 3. g3 Bg7 4. Bg2 d6 5. e4 O-O 6. Nge2 Nc6 7. O-O Bd7 8. d3 Rb8 9. h3 a6 10. a4 a5 11. Be3 Nb4 12. Qd2 c6 13. Rad1 Ne8 14. Bh6 Nc7 15. Bxg7 Kxg7 16. f4 b5 17. axb5 cxb5 18. f5 Nca6 19. cxb5 Nc5 20. d4 Nb3 21. Qf4 Qb6 22. f6+ exf6 23. Qxf6+ Kg8 24. Nf4 Nc2 25. Nfd5 1-0


[Site "https://www.chess.com"]

[Event "Titled Tuesday Blitz March 22 Late 2022"]
[White "Papasimakopoulos, Alexandros"]
[Black "Deac, Bogdan-Daniel"]
[WhiteFideId "4244125"]
[BlackFideId "1226380"]
[WhiteElo "2340"]
[BlackElo "2646"]
[Result "0-1"]
[Round "02"]
[TimeControl "180+1"]
[Date "2022.03.22"]
[WhiteClock "0:00:03"]
[BlackClock "0:00:07"]

1. d4 g6 2. c4 Bg7 3. e4 d6 4. Nc3 Nd7 5. f3 c5 6. Nge2 a6 7. Be3 Rb8 8. Nc1 cxd4 9. Bxd4 Ngf6 10. Be2 O-O 11. O-O b6 12. Qd2 Bb7 13. Nb3 Rc8 14. Nd5 e6 15. Nc3 Ne5 16. Qe3 Nxc4 17. Bxc4 Rxc4 18. Bxb6 Qb8 19. Na5 Rb4 20. b3 Bxe4 21. Ba7 Qc7 22. a3 Rb7 23. Nxb7 Bxb7 24. Rac1 Qd7 25. Rfd1 Rc8 26. Bd4 e5 27. Bb6 Qe6 28. Ne4 Nd5 29. Qf2 Rxc1 30. Rxc1 Bh6 31. Rd1 f5 32. Ng3 Nc3 33. Re1 Qxb3 34. Bc7 Nb5 35. Qb6 Qc3 36. Kf1 Qxc7 37. Qxc7 Nxc7 38. Rb1 Bc6 39. Rb8+ Bf8 40. Kf2 Bb5 41. Ne2 Ne6 42. Nc3 Nd4 43. Nd5 Bc4 44. Nf6+ Kg7 45. Nd7 Be7 46. Rb7 Bd5 47. Ra7 Kf7 48. Rxa6 Bc4 49. Ra4 Bb5 50. Ra7 Ke6 51. Nb6 e4 52. fxe4 fxe4 53. Ke3 Nc6 54. Rd7 Bd3 55. Rc7 Bg5+ 56. Kf2 e3+ 57. Ke1 Nd4 58. Nc8 Nc2+ 59. Rxc2 Bxc2 60. Nb6 Bd8 61. Nc4 e2 62. Kxe2 Be4 63. g3 d5 64. Ne3 d4 65. Nc4 Kd5 66. Nd2 d3+ 67. Ke3 Bg5+ 0-1


[Site "https://www.chess.com"]

[Event "Titled Tuesday Blitz March 22 Late 2022"]
[White "Papp, Levente"]
[Black "Rustemov, Alexander"]
[WhiteFideId "751243"]
[BlackFideId "4119002"]
[WhiteElo "2308"]
[BlackElo "2799"]
[Result "1-0"]
[Round "02"]
[TimeControl "180+1"]
[Date "2022.03.22"]
[WhiteClock "0:00:37"]
[BlackClock "0:00:12"]

1. c4 e6 2. Nf3 d5 3. g3 Nf6 4. Bg2 Be7 5. O-O O-O 6. d4 Nbd7 7. Qc2 c6 8. Nbd2 b6 9. b3 Bb7 10. Bb2 Rc8 11. Rac1 c5 12. cxd5 Nxd5 13. Qb1 cxd4 14. Nxd4 Rxc1 15. Rxc1 Qa8 16. Qa1 Bf6 17. a3 Rc8 18. e4 Ne7 19. b4 h5 20. h4 Ng6 21. Nb5 Rxc1+ 22. Qxc1 Bxb2 23. Qxb2 Nde5 24. Qd4 a6 25. Nd6 Qd8 26. Nb3 Bc6 27. f4 Ng4 28. Nc4 Qxd4+ 29. Nxd4 Bd7 30. Nxb6 Be8 31. Bf1 Ne3 32. Bxa6 e5 33. fxe5 Nxe5 34. Nd5 N3c4 35. Bxc4 Nxc4 36. b5 Kf8 37. a4 Na5 38. e5 Bd7 39. Kf2 Nc4 40. b6 Na5 41. Nb5 Bxb5 42. axb5 Ke8 43. Ke3 Kd7 44. Kd4 Nb7 45. Nf4 g6 46. Kd5 Na5 47. e6+ fxe6+ 48. Nxe6 Ke7 49. Nf4 Kf6 50. Kd6 Kf5 51. Kc7 g5 52. hxg5 h4 53. gxh4 1-0


[Site "https://www.chess.com"]

[Event "Titled Tuesday Blitz March 22 Late 2022"]
[White "Paszewski, Mateusz"]
[Black "Kujawski, Adam"]
[WhiteFideId "1141058"]
[BlackFideId "1100920"]
[WhiteElo "2102"]
[BlackElo "2053"]
[Result "1-0"]
[Round "02"]
[TimeControl "180+1"]
[Date "2022.03.22"]
[WhiteClock "0:01:32"]
[BlackClock "0:00:05"]

1. e4 e5 2. Nf3 Nc6 3. Bc4 Nf6 4. d3 d5 5. exd5 Nxd5 6. O-O Nb6 7. Bb5 Bd6 8. Re1 f6 9. d4 O-O 10. Bxc6 bxc6 11. dxe5 fxe5 12. Ng5 e4 13. Nxe4 Qh4 14. Nxd6 Qxf2+ 15. Kh1 Bg4 16. Ne4 Qh4 17. Bg5 Qh5 18. Qd4 Rae8 19. Nbc3 Bf3 20. Qg1 Bxe4 21. Nxe4 Rxe4 22. Rxe4 Qxg5 23. Rae1 Nd5 24. Re8 Nf4 25. Rxf8+ Kxf8 26. Qf2 Kg8 27. Rf1 1-0


[Site "https://www.chess.com"]

[Event "Titled Tuesday Blitz March 22 Late 2022"]
[White "Piliczewski, Bogusz"]
[Black "Fieberg, Samuel"]
[WhiteFideId "1104144"]
[BlackFideId "12901717"]
[WhiteElo "1896"]
[BlackElo "2459"]
[Result "0-1"]
[Round "02"]
[TimeControl "180+1"]
[Date "2022.03.22"]
[WhiteClock "0:00:08"]
[BlackClock "0:01:13"]

1. d4 d5 2. Nf3 e6 3. Bf4 c5 4. c3 Nc6 5. e3 Bd6 6. Bxd6 Qxd6 7. Nbd2 Nf6 8. Bd3 e5 9. dxc5 Qxc5 10. e4 dxe4 11. Nxe4 Nxe4 12. Bxe4 O-O 13. O-O Bg4 14. h3 Bh5 15. Qe2 Rae8 16. Rfd1 f5 17. Bd5+ Kh8 18. Qe3 Qxe3 19. fxe3 e4 20. Ng5 Bxd1 21. Rxd1 Ne5 22. Bxb7 h6 23. Nxe4 fxe4 24. Bxe4 Nc4 25. Bg6 Nxe3 26. Rd7 Re6 27. Bh5 g6 28. Bf3 a6 29. Be2 Rb6 30. b3 Nf5 31. Bd3 a5 32. Rd5 a4 33. bxa4 Rd6 0-1


[Site "https://www.chess.com"]

[Event "Titled Tuesday Blitz March 22 Late 2022"]
[White "Pinheiro, Iung Alicio de O."]
[Black "Vifleemskaia, Svetlana"]
[WhiteFideId "2104350"]
[BlackFideId "4129490"]
[WhiteElo "2524"]
[BlackElo "1901"]
[Result "1-0"]
[Round "02"]
[TimeControl "180+1"]
[Date "2022.03.22"]
[WhiteClock "0:00:47"]
[BlackClock "0:01:11"]

1. c4 c5 2. g3 Nf6 3. Bg2 d5 4. cxd5 Nxd5 5. Nc3 Nc7 6. Nf3 Nc6 7. O-O e5 8. Ne1 Bd7 9. Nd3 Bd6 10. b3 O-O 11. f4 exf4 12. Nxf4 Rb8 13. Bb2 Nd4 14. e3 Nde6 15. Ne4 Be7 16. Nh5 f6 17. Bh3 g6 18. Nhxf6+ Rxf6 19. Nxf6+ Bxf6 20. Rxf6 Nd4 21. Bxd4 cxd4 22. Rd6 1-0


[Site "https://www.chess.com"]

[Event "Titled Tuesday Blitz March 22 Late 2022"]
[White "Plotnikov, Pavel"]
[Black "Jaracz, Pawel"]
[WhiteFideId "4170342"]
[BlackFideId "1102222"]
[WhiteElo "2298"]
[BlackElo "2429"]
[Result "1-0"]
[Round "02"]
[TimeControl "180+1"]
[Date "2022.03.22"]
[WhiteClock "0:00:18"]
[BlackClock "0:00:03"]

1. e4 e5 2. Nf3 Nc6 3. Bb5 a6 4. Ba4 Nge7 5. c3 Ng6 6. d4 exd4 7. cxd4 d5 8. exd5 Qxd5 9. O-O Bg4 10. Re1+ Be7 11. Nc3 Qh5 12. d5 b5 13. Nxb5 axb5 14. Bxb5 O-O 15. Bxc6 Bd6 16. h3 Bxh3 17. Ne5 Qh4 18. Nxg6 fxg6 19. Qe2 Bg4 20. g3 Qh5 21. Qe4 Bf3 22. Qh4 Qxh4 23. gxh4 Rab8 24. a3 Rb3 25. Re3 Rxe3 26. Bxe3 Rf5 27. Bg5 h6 28. Bd7 Rxd5 29. Be6+ Kh7 30. Bxd5 Bxd5 31. Be3 c5 32. a4 Bc4 33. a5 Ba6 34. Rd1 Be5 35. Rd5 Bxb2 36. Rxc5 g5 37. Rc6 Bb5 38. Rb6 1-0


[Site "https://www.chess.com"]

[Event "Titled Tuesday Blitz March 22 Late 2022"]
[White "Postnikov, Daniil"]
[Black "Havas, Ladislav"]
[WhiteFideId "4166329"]
[BlackFideId "14501090"]
[WhiteElo "2261"]
[BlackElo "2206"]
[Result "1-0"]
[Round "02"]
[TimeControl "180+1"]
[Date "2022.03.22"]
[WhiteClock "0:00:57"]
[BlackClock "0:01:13"]

1. e4 Nf6 2. e5 Nd5 3. d4 d6 4. Nf3 Bg4 5. Be2 c6 6. O-O Bxf3 7. Bxf3 dxe5 8. dxe5 e6 9. Qe2 Nd7 10. c4 Ne7 11. Bf4 Ng6 12. Bg3 Qc7 13. Re1 Bb4 14. Nc3 Bxc3 15. bxc3 O-O-O 16. a4 Nc5 17. a5 Nd3 18. Reb1 a6 19. Be4 Nc5 20. Bc2 h5 21. h4 Ne7 22. Qe3 Nd7 23. f4 Nf5 24. Bxf5 exf5 25. Bf2 c5 26. Rd1 Rh6 27. Rd5 Rc6 28. Rad1 Qxa5 29. Qd3 Rc7 30. Qxf5 Qa4 31. Qxf7 Qxc4 32. e6 Qxc3 33. Rxd7 Rcxd7 34. Rxd7 Rxd7 35. Qxd7+ Kb8 36. Qd6+ Ka8 37. e7 1-0


[Site "https://www.chess.com"]

[Event "Titled Tuesday Blitz March 22 Late 2022"]
[White "Prohorov, Olexandr"]
[Black "Adewumi, Tanitoluwa"]
[WhiteFideId "14105578"]
[BlackFideId "30966396"]
[WhiteElo "1993"]
[BlackElo "2545"]
[Result "1-0"]
[Round "02"]
[TimeControl "180+1"]
[Date "2022.03.22"]
[WhiteClock "0:00:47"]
[BlackClock "0:00:36"]

1. Nf3 Nf6 2. c4 g6 3. Nc3 Bg7 4. g3 Kf8 5. Bg2 d6 6. O-O Kg8 7. d4 h6 8. e4 Kh7 9. Re1 Nfd7 10. h4 Nc6 11. Rb1 e5 12. d5 Nd4 13. Nxd4 exd4 14. Ne2 Ne5 15. Nxd4 Nxc4 16. h5 Bd7 17. hxg6+ fxg6 18. Ne6 Bxe6 19. dxe6 c6 20. b3 Nb6 21. Bh3 Qe7 22. f4 Rhf8 23. Ba3 Rad8 24. e5 c5 25. exd6 Rxd6 26. Bxc5 Bd4+ 27. Qxd4 1-0


[Site "https://www.chess.com"]

[Event "Titled Tuesday Blitz March 22 Late 2022"]
[White "Rabineau, Clement"]
[Black "Pichot, Alan"]
[WhiteFideId "628891"]
[BlackFideId "110973"]
[WhiteElo "2237"]
[BlackElo "2579"]
[Result "0-1"]
[Round "02"]
[TimeControl "180+1"]
[Date "2022.03.22"]
[WhiteClock "0:00:02"]
[BlackClock "0:01:27"]

1. e4 e5 2. Nf3 Nc6 3. Bb5 Nf6 4. O-O Nxe4 5. d4 Nd6 6. Bxc6 dxc6 7. dxe5 Nf5 8. Qxd8+ Kxd8 9. h3 Be7 10. Nc3 Be6 11. Rd1+ Kc8 12. Bf4 b6 13. g4 Nh4 14. Nxh4 Bxh4 15. Ne4 Be7 16. Ng5 Bxg5 17. Bxg5 h5 18. f3 Kb7 19. Kg2 c5 20. Kg3 a5 21. a4 Kc6 22. Rd2 hxg4 23. hxg4 Rae8 24. Rad1 Kb7 25. f4 g6 26. Bf6 Rh7 27. Rd8 Rxd8 28. Bxd8 Kc6 29. Bh4 Bd5 30. b3 c4 31. Rc1 Kc5 32. Be7+ Kc6 33. bxc4 Bxc4 34. c3 Bb3 35. Ra1 Rh8 36. Bf6 Ra8 37. Ra3 Bc4 38. Ra1 b5 39. axb5+ Kxb5 40. f5 gxf5 41. gxf5 a4 42. Kf4 a3 43. Be7 a2 44. Bb4 Ka4 45. Ke4 Kb3 46. e6 fxe6 47. f6 e5 48. Kxe5 Kb2 49. Rg1 a1=Q 50. Rxa1 Kxa1 51. Kd4 Bf7 52. Kc5 Ra6 53. Kb5 0-1


[Site "https://www.chess.com"]

[Event "Titled Tuesday Blitz March 22 Late 2022"]
[White "Rengifo Blancas, Renzo Jhonathan"]
[Black "Maksimovic, Bojan"]
[WhiteFideId "3807185"]
[BlackFideId "14408120"]
[WhiteElo "2058"]
[BlackElo "2448"]
[Result "0-1"]
[Round "02"]
[TimeControl "180+1"]
[Date "2022.03.22"]
[WhiteClock "0:00:16"]
[BlackClock "0:01:40"]

1. e4 e5 2. Nf3 Nc6 3. d4 exd4 4. Nxd4 Nf6 5. Nc3 Bc5 6. Nxc6 bxc6 7. Bd3 d6 8. O-O h6 9. Na4 Bd4 10. c3 Bb6 11. Nxb6 axb6 12. Qf3 O-O 13. h3 Nd7 14. Qg3 Qf6 15. Be3 Ne5 16. Be2 Qg6 17. Qxg6 Nxg6 18. f4 f6 19. Bc4+ Kh8 20. a4 Ba6 21. Bxa6 Rxa6 22. b3 Re8 23. f5 Ne5 24. Bd2 Nd3 25. Rf3 Nc5 26. b4 Nxe4 27. Re3 d5 28. c4 Raa8 29. cxd5 Nxd2 30. Rd3 Nc4 31. dxc6 Ne5 32. Rc3 Ra7 33. Re1 Rxa4 34. Rce3 Rxb4 35. g4 Rc4 36. Kf2 Rxc6 37. Kg3 Rd6 38. Rc1 c5 39. Ra1 Rd3 40. Rxd3 Nxd3 41. Kf3 c4 42. Ra6 c3 43. Rxb6 c2 44. Rc6 Ne5+ 45. Kf4 Nxc6 46. Kg3 c1=Q 47. Kh4 Qg5+ 48. Kg3 Re3+ 49. Kf2 Qf4+ 50. Kg2 Re2+ 0-1


[Site "https://www.chess.com"]

[Event "Titled Tuesday Blitz March 22 Late 2022"]
[White "Riehle, Marco"]
[Black "Petrova, Irina"]
[WhiteFideId "12904392"]
[BlackFideId "14124122"]
[WhiteElo "2462"]
[BlackElo "1993"]
[Result "1-0"]
[Round "02"]
[TimeControl "180+1"]
[Date "2022.03.22"]
[WhiteClock "0:00:57"]
[BlackClock "0:00:03"]

1. e4 d6 2. d4 Nf6 3. f3 e5 4. d5 Be7 5. Be3 c6 6. c4 O-O 7. Qd2 h6 8. g4 cxd5 9. cxd5 Nh7 10. Nc3 Bh4+ 11. Kd1 Bg5 12. h4 Bxe3 13. Qxe3 Na6 14. Rc1 Bd7 15. Kc2 Rc8 16. Kd2 Qa5 17. Bd3 Nb4 18. Bb1 Rc4 19. Nge2 Rfc8 20. Ke1 Bb5 21. Kf2 R4c7 22. a3 Na6 23. Kg3 Bxe2 24. Nxe2 Rxc1 25. Rxc1 Rxc1 26. Qxc1 Nf8 27. b4 Qb6 28. Bd3 Nc7 29. Qg1 Qxg1+ 30. Nxg1 Nd7 31. Ne2 Kf8 32. Nc3 Ke7 33. g5 hxg5 34. hxg5 Nb6 35. Kf2 f6 36. gxf6+ gxf6 37. Ke3 Nd7 38. a4 Nf8 39. a5 Ng6 40. b5 Nf4 41. Bf1 Ng6 42. Na4 Nf8 43. b6 axb6 44. Nxb6 Nd7 45. Nc8+ Kd8 46. Nxd6 Nc5 47. Nc4 Nb3 48. f4 exf4+ 49. Kxf4 Nb5 50. e5 fxe5+ 51. Kxe5 Nc3 52. d6 Nc5 53. Kd4 N3e4 54. Bg2 Nxd6 55. Kxc5 Nc8 56. Bxb7 Ne7 57. Kb6 Nf5 58. a6 1-0


[Site "https://www.chess.com"]

[Event "Titled Tuesday Blitz March 22 Late 2022"]
[White "Ronka, Erik"]
[Black "Fajdetic, Hrvoje"]
[WhiteFideId "505080"]
[BlackFideId "14501945"]
[WhiteElo "2264"]
[BlackElo "2172"]
[Result "0-1"]
[Round "02"]
[TimeControl "180+1"]
[Date "2022.03.22"]
[WhiteClock "0:02:36"]
[BlackClock "0:01:10"]

1. e4 e6 2. d4 d5 3. Nc3 dxe4 4. Nxe4 Nd7 5. Bd3 Ngf6 6. Nf3 Nxe4 7. Bxe4 Nf6 8. Bg5 c5 9. O-O cxd4 10. Nxd4 Be7 11. Bf3 h6 12. Bh4 O-O 13. Qd3 Bc5 14. Rad1 e5 15. Nb3 Qxd3 16. Rxd3 e4 17. Rc3 exf3 18. Nxc5 fxg2 19. Kxg2 b6 20. Bxf6 gxf6 21. Nd3 Bb7+ 22. Kg3 Rac8 23. Rxc8 Rxc8 24. c3 Ba6 25. Rd1 Rd8 0-1


[Site "https://www.chess.com"]

[Event "Titled Tuesday Blitz March 22 Late 2022"]
[White "Rosen, Eric"]
[Black "Rosenberg, Evan S"]
[WhiteFideId "2032562"]
[BlackFideId "2019299"]
[WhiteElo "2362"]
[BlackElo "2339"]
[Result "1-0"]
[Round "02"]
[TimeControl "180+1"]
[Date "2022.03.22"]
[WhiteClock "0:00:08"]
[BlackClock "0:00:07"]

1. d4 Nf6 2. Bf4 b6 3. Nf3 Bb7 4. c4 g6 5. Nc3 Bg7 6. Qc2 O-O 7. e4 d6 8. Rd1 c5 9. d5 Na6 10. Be2 Nc7 11. O-O a6 12. a4 b5 13. cxb5 axb5 14. Nxb5 Nxb5 15. Bxb5 Ba6 16. Bxa6 Rxa6 17. Nd2 Rb6 18. b3 Rb4 19. f3 Nxd5 20. exd5 Rxf4 21. Ne4 f5 22. Ng5 Bd4+ 23. Kh1 Qa8 24. Ne6 Rh4 25. Nxf8 Kxf8 26. Qc4 g5 27. g3 Rh6 28. Rfe1 Qe8 29. Re6 Qh5 30. Qe2 Rxe6 31. dxe6 Be5 32. Rg1 Kg7 33. a5 Kf6 34. a6 Qe8 35. a7 Qa8 36. Qa2 g4 37. Rf1 h5 38. Kg1 h4 39. gxh4 Bd4+ 40. Kg2 gxf3+ 41. Rxf3 Be5 42. h5 Qg8+ 43. Kf1 Qa8 44. Qg2 Qxa7 45. Qg6# 1-0


[Site "https://www.chess.com"]